 Dungeon Crawl Stone Soup version 0.27-a0-1312-g5cdb2b3542 (webtiles) character file.

Game seed: 16175290888598733937

148 hatdisgam the Digger (level 5, -8/35 HPs)
             Began as a Formicid Earth Elementalist on June 19, 2021.
             Mangled by an ice beast (11 damage)
             ... on level 6 of the Dungeon.
             The game lasted 00:05:01 (3313 turns).

hatdisgam the Digger (Formicid Earth Elementalist)  Turns: 3313, Time: 00:05:02

Health: -8/35      AC:  2    Str: 12    XL:     5   Next: 56%
Magic:  3/10       EV: 12    Int: 16    God:
Gold:   213        SH:  0    Dex: 11    Spells: 6/10 levels left

rFire    . . .     SeeInvis +   k - +0 dagger (venom)
rCold    . . .     Faith    .   (no shield)
rNeg     . . .     Spirit   .   b - +0 robe
rPois    .         Reflect  .   (helmet unavailable)
rElec    .         Harm     .   (no cloak)
rCorr    .         Rampage  .   (no gloves)
Will     .....                  (no boots)
Stlth    ++........             (no amulet)
HPRegen  0.11/turn              (no ring)
MPRegen  0.12/turn              (no ring)

@: very slightly contaminated
A: permanent stasis, dig shafts and tunnels, antennae 3, four strong arms
a: Dig, Shaft Self


You were on level 6 of the Dungeon.
You visited 1 branch of the dungeon, and saw 5 of its levels.

You collected 213 gold pieces.

Inventory:

Hand Weapons
 e - a +0 battleaxe
 k - a +0 dagger of venom (weapon)
Missiles
 c - 76 stones
 d - 2 throwing nets
Armour
 b - a +0 robe (worn)
Scrolls
 a - 2 scrolls of blinking {unknown}
 g - a scroll of brand weapon {unknown}
 h - a scroll of identify {unknown}
 j - a scroll of enchant weapon {unknown}
Potions
 f - a potion of heal wounds
 i - 2 potions of degeneration {unknown}
 l - a potion of curing {unknown}


   Skills:
 - Level 1.7 Dodging
 - Level 2.4 Stealth
 + Level 3.3 Spellcasting
 * Level 1.5 Conjurations
 - Level 1.1 Transmutations
 * Level 5.7 Earth Magic


You had 6 spell levels left.
You knew the following spells:

 Your Spells              Type           Power      Damage    Failure   Level
a - Sandblast             Erth           42%        2d11      1%          1
b - Stone Arrow           Conj/Erth      28%        3d8       12%         3

Your spell library contained the following spells:

 Spells                   Type           Power      Damage    Failure   Level
 Passwall                 Tmut/Erth      10%        N/A       7%          2
 Petrify                  Tmut/Erth      13%        N/A       41%         4
 Lee's Rapid Deconstruct  Erth           10%        3d9*      43%         5


Dungeon Overview and Level Annotations

Branches:
Dungeon (6/15)
 Temple: D:4-7

Altars:
The Shining One

Annotations:
D:5 Pikel, Prince Ribbit
D:6 Eustachio


Innate Abilities, Weirdness & Mutations

You cannot be hasted, slowed, berserked, paralysed or teleported.
You can dig through walls and to a lower floor.
You have a pair of large antennae on your head. (SInv)
Your four strong arms can wield two-handed weapons with a shield.


Message History

You kill the hound!
Something unseen opens the large door.
Unknown command.
You extend your mandibles.
You dig through the rock wall.
You retract your mandibles.
Casting: Sandblast (safe; 1% risk of failure)
Confirm with . or Enter, or press ? or * to list all spells.
Aiming: Sandblast (safe; 1% risk of failure)
Press: ? - help, Shift-Dir - straight line, f - ice beast
Aim: an ice beast (81% to hit)
You miscast Sandblast.
You are very lightly contaminated with residual magic.
Nothing appears to happen.
The kobold shouts!
You hear a shout!
A kobold comes into view. It is wielding a +0 club.
Casting: Sandblast (safe; 1% risk of failure)
Confirm with . or Enter, or press ? or * to list all spells.
Aiming: Sandblast (safe; 1% risk of failure)
Press: ? - help, Shift-Dir - straight line, f/p - ice beast
Aim: an ice beast (81% to hit)
The blast of sand hits the ice beast.
The ice beast is lightly wounded.
Unknown command.
Casting: Sandblast (safe; 1% risk of failure)
Confirm with . or Enter, or press ? or * to list all spells.
Aiming: Sandblast (safe; 1% risk of failure)
Press: ? - help, Shift-Dir - straight line, f/p - ice beast
Aim: an ice beast (lightly wounded, 81% to hit)
The blast of sand hits the ice beast.
The ice beast is moderately wounded.
The ice beast hits you. The ice beast freezes you!
* * * LOW HITPOINT WARNING * * *
Are you sure you want to shaft yourself?
The ice beast misses you.
You begin to dig a shaft.
You continue digging a shaft.
The ice beast hits you.
* * * LOW HITPOINT WARNING * * *
The ice beast freezes you!
You die...

..... ## ....KK.###.
...K.K.....
........##.
########....{.......(
#..Y@..KKKK...K......
#.#######... #..#.##
#.# .....#...... #.##
.......<..#.
#..#######''########.
#.#...†..o.... #.
#.#...{....... #.
#.#..⌠##⌠....⌠ #.
#.#..## #....# #.


You could see an ice beast and 4 kobolds.

Vanquished Creatures
  A hound (D:6)
  5 adders
  A worm (D:2)
  A dart slug (D:1)
  2 orcs (D:3)
  A ball python (D:2)
  5 endoplasms
  A giant cockroach (D:1)
  8 hobgoblins
  9 jackals
  5 kobolds
  3 quokkas (D:2)
  6 bats
  3 frilled lizards
  6 goblins
  4 rats
61 creatures vanquished.

Notes
Turn   | Place    | Note
-------+----------+-------------------------------------------
     0 | D:1      | hatdisgam the Formicid Earth Elementalist began the quest
                  | for the Orb.
     0 | D:1      | Reached XP level 1. HP: 13/13 MP: 3/3
   147 | D:1      | Reached skill level 4 in Earth Magic
   189 | D:1      | Reached XP level 2. HP: 19/19 MP: 3/5
   341 | D:1      | Found a faded altar of an unknown god.
   350 | D:1      | You fall into a shaft and drop 1 floor!
  1009 | D:2      | Reached XP level 3. HP: 12/24 MP: 4/6
  2017 | D:1      | Reached skill level 5 in Earth Magic
  2155 | D:1      | Reached XP level 4. HP: 29/30 MP: 8/8
  2507 | D:2      | Learned a level 3 spell: Stone Arrow
  3108 | D:3      | Reached skill level 1 in Conjurations
  3108 | D:3      | Reached XP level 5. HP: 35/35 MP: 7/9
  3154 | D:3      | Found a glowing golden altar of the Shining One.
  3259 | D:3      | Noticed an orc warrior
  3272 | D:3      | You fall into a shaft and drop 3 floors!
  3280 | D:6      | Noticed a centaur
  3288 | D:6      | Noticed a kobold brigand
  3290 | D:5      | Entered Level 5 of the Dungeon
  3290 | D:5      | Noticed Prince Ribbit
  3290 | D:5      | Noticed a lemure
  3290 | D:5      | Noticed Pikel
  3290 | D:5      | Noticed a lemure
  3290 | D:5      | Noticed a lemure
  3290 | D:5      | Noticed a lemure
  3290 | D:5      | Noticed an ogre
  3294 | D:5      | You fall into a shaft and drop 1 floor!
  3294 | D:6      | Noticed an ice beast
  3294 | D:6      | Noticed Eustachio
  3296 | D:6      | HP: 1/35 [hound (2)]
  3313 | D:6      | Mangled by an ice beast

Illustrated notes

Levels and vault maps discovered:
D:1:      dpeg_arrival_oval, layout_rooms,
          chequers_ecumenical_altar_simple_redux
D:2:      layout_basic
D:3:      layout_basic, lemuel_tele_altar
D:5:      layout_rooms, lemuel_temple_firewalk_b, serial_shops,
          nicolae_shop_overgrown_old_shop, minmay_checkerbox, uniq_menkaure,
          uniq_sigmund, uniq_prince_ribbit1, uniq_pikel
D:6:      layout_basic, doesnt_xom_only_xom, nicolae_yredelemnul_corpse_copse,
          kennysheep_dice, uniq_duvessa, uniq_blork_the_orc, uniq_eustachio

Skill      XL: |  1  2  3  4 |
---------------+-------------+-----
Earth Magic    | 4 5 |  5.7
Spellcasting   | 3 |  3.3
Conjurations   | 1 |  1.5
Dodging        | |  1.7
Stealth        | |  2.4
Transmutations | |  1.1

Action                   |  1- 3 |  4- 6 || total
-------------------------+-------+-------++-------
Melee: Battleaxe         |    47 |       ||    47
       Dagger            |     5 |    76 ||    81
 Cast: Sandblast         |    32 |    18 ||    50
 Abil: Shaft Self        |     1 |     3 ||     4
       Dig               |       |     1 ||     1
  Use: Potion            |       |     1 ||     1
 Stab: Sleeping          |     1 |     1 ||     2
Armor: Robe              |    17 |    15 ||    32
Dodge: Dodged            |    52 |    63 ||   115

Table legend: (Time is in decaauts)
 A = Elapsed time spent in this place.
 B = Non-inter-level travel time spent in this place.
 C = Inter-level travel time spent in this place.
 D = Time resting spent in this place.
 E = Time spent auto-exploring this place.
 F = Levels seen in this place.
 G = Mean time per level.
                   A        B        C        D        E       F      G
               +--------+--------+--------+--------+--------+-----+--------+
         Total |   3345 |   3241 |    104 |    506 |   2214 |   5 |  669.0 |
       Dungeon |   3345 |   3241 |    104 |    506 |   2214 |   5 |  669.0 |
               +--------+--------+--------+--------+--------+-----+--------+

Top non-repeatable levels by time:
     D:2: 1844 daAuts
     D:1: 1073 daAuts
     D:3: 385 daAuts
     D:6: 37 daAuts
     D:5: 3 daAuts
